 Dungeon Crawl Stone Soup version 0.28.0-49-g6dfe1f597d (webtiles) character file.

Game seed: 10489418577830161610

84 issech the Stinger (level 4, 0/32 HPs)
             Began as a Gnoll Wanderer on May 17, 2022.
             Slain by Jessica
             ... wielding a +0 club
              (3 damage)
             ... on level 2 of the Dungeon.
             The game lasted 00:12:20 (2929 turns).

issech the Stinger (Gnoll Wanderer)                 Turns: 2929, Time: 00:12:21

Health: 0/32       AC:  7    Str:  9    XL:     4   Next: 46%
Magic:  8/8        EV: 13    Int:  9    God:
Gold:   57         SH:  0    Dex: 18    Spells: 8/9 levels left

rFire   . . .      SeeInvis .   l - +0 war axe
rCold   . . .      Faith    .   (no shield)
rNeg    . . .      Spirit   .   o - +0 leather armour
rPois   .          Reflect  .   p - +1 helmet
rElec   .          Harm     .   b - +0 cloak
rCorr   .          Rampage  .   n - +0 pair of gloves
Will    .....                   (no boots)
Stlth   ++........              (no amulet)
HPRegen 0.10/turn               (no ring)
MPRegen 0.11/turn               (no ring)

@: no status effects
A: fangs 1, strong nose, distributed training
a: no special abilities


You were on level 2 of the Dungeon.
You visited 1 branch of the dungeon, and saw 2 of its levels.

You collected 57 gold pieces.

Inventory:

Hand Weapons
 a - a +0 quarterstaff
 l - a +0 war axe (weapon)
Missiles
 f - 40 stones (quivered)
Armour
 b - a +0 cloak (worn)
 c - a +0 robe
 n - a +0 pair of gloves (worn)
 o - a +0 leather armour (worn)
 p - a +1 helmet (worn)
Scrolls
 d - a scroll of identify {unknown}
 g - a scroll of teleportation {unknown}
 i - a scroll of amnesia {unknown}
 j - a scroll of blinking {unknown}
 k - a scroll of fear {unknown}
 m - a scroll of magic mapping {unknown}
Potions
 e - a potion of attraction {unknown}
 h - a potion of cancellation {unknown}


   Skills:
 + Level 1.1 Fighting
 + Level 1.1 Short Blades
 + Level 1.1 Long Blades
 + Level 1.1 Axes
 + Level 1.1 Maces & Flails
 + Level 1.1 Polearms
 + Level 4.6 Staves
 + Level 1.1 Slings
 + Level 1.1 Bows
 + Level 1.1 Crossbows
 + Level 2.7 Throwing
 + Level 1.1 Armour
 + Level 4.6 Dodging
 + Level 1.1 Stealth
 + Level 1.1 Shields
 + Level 1.1 Unarmed Combat
 + Level 3.0 Spellcasting
 + Level 0.9 Conjurations
 + Level 0.9 Hexes
 + Level 0.9 Summonings
 + Level 0.9 Necromancy
 + Level 0.9 Translocations
 + Level 0.9 Transmutations
 + Level 0.9 Fire Magic
 + Level 0.9 Ice Magic
 + Level 0.9 Air Magic
 + Level 0.9 Earth Magic
 + Level 5.4 Poison Magic
 + Level 2.8 Invocations
 + Level 1.1 Evocations


You had 8 spell levels left.
You knew the following spells:

 Your Spells              Type           Power      Damage    Failure   Level
a - Sting                 Tmut/Pois      28%        1d4       11%         1

Your spell library contained the following spells:

 Spells                   Type           Power      Damage    Failure   Level
 Ignite Poison            Fire/Tmut/Pois 5%         N/A       41%         3
 Olgreb's Toxic Radiance  Pois           11%        N/A       41%         4
 Conjure Flame            Conj/Fire      3%         6-21      63%         3
 Sticky Flame             Conj/Fire      3%         2d3       95%         4


Dungeon Overview and Level Annotations

Branches:
Dungeon (2/15)

Altars:

Annotations:
D:2 Jessica


Innate Abilities, Weirdness & Mutations

You have very sharp teeth.
Your uncanny sense of smell can sniff out nearby items.
Your experience applies equally to all skills.


Message History

Jessica hits you with a +0 club.
Unknown command.
You hit Jessica.
Jessica is moderately wounded.
Jessica gestures wildly while chanting.
Jessica seems to speed up.
Jessica gestures wildly while chanting.
Jessica blinks!
Jessica very coldly says, "I hate your company."
Jessica casts a spell at you. Pain shoots through your body!
Jessica barely misses you.
You completely miss Jessica.
Jessica is moderately wounded.
Jessica barely misses you.
Jessica casts a spell.
Jessica blinks!
Jessica casts a spell at you. Pain shoots through your body!
* * * LOW HITPOINT WARNING * * *
You hit Jessica but do no damage.
Jessica is moderately wounded.
Jessica closely misses you. x2
Unknown command.
You barely miss Jessica.
Jessica is moderately wounded.
Jessica gestures wildly while chanting.
Jessica blinks!
Jessica gestures wildly while chanting.
Jessica blinks!
You hit Jessica.
Jessica is moderately wounded.
Jessica closely misses you. Jessica hits you with a +0 club.
* * * LOW HITPOINT WARNING * * *
Jessica closely misses you.
Unknown command.
You closely miss Jessica.
Jessica is moderately wounded.
Jessica misses you. Jessica hits you with a +0 club.
You die...

#.......... ....
#.......... ....
#.......... ....
#.......... ....
#......... ....
####......... #'#.
#.......##.......##.#.
#.....@.##.......##.#.
#....@..##.......#...#
#........#............
###......#............
#.....................
#...........#...##....
#.....................
#......#.........####.
#......#.........# ##+
#................# #..


You could see Jessica (fast).

Vanquished Creatures
  Robin (D:2)
  An adder (D:2)
  A worm (D:2)
  2 dart slugs
  5 ball pythons
  A bat skeleton (D:2)
  3 endoplasms
  A giant cockroach (D:1)
  14 goblins
  4 hobgoblins
  4 jackals
  5 kobolds (D:1)
  A quokka (D:2)
  4 bats
  2 frilled lizards
  5 rats
54 creatures vanquished.

Notes
Turn   | Place    | Note
-------+----------+-------------------------------------------
     0 | D:1      | issech the Gnoll Wanderer began the quest for the Orb.
     0 | D:1      | issech set off with the following items: a +0 quarterstaff,
                  | a +0 cloak, a +0 robe; and the following spell memorised:
                  | Sting; and the following spells available to memorise:
                  | Olgreb's Toxic Radiance, Ignite Poison
     0 | D:1      | Reached XP level 1. HP: 13/13 MP: 4/4
    67 | D:1      | Reached XP level 2. HP: 5/20 MP: 5/5
   884 | D:1      | Reached XP level 3. HP: 24/25 MP: 7/7
   987 | D:1      | Found a faded altar of an unknown god.
  1545 | D:2      | Noticed Jessica
  1655 | D:2      | Noticed Robin
  2144 | D:2      | Reached skill level 1 in Fighting
  2144 | D:2      | Reached skill level 1 in Short Blades
  2144 | D:2      | Reached skill level 1 in Long Blades
  2144 | D:2      | Reached skill level 1 in Axes
  2144 | D:2      | Reached skill level 1 in Maces & Flails
  2144 | D:2      | Reached skill level 1 in Polearms
  2144 | D:2      | Reached skill level 1 in Slings
  2144 | D:2      | Reached skill level 1 in Bows
  2144 | D:2      | Reached skill level 1 in Crossbows
  2144 | D:2      | Reached skill level 1 in Armour
  2144 | D:2      | Reached skill level 1 in Stealth
  2144 | D:2      | Reached skill level 1 in Shields
  2144 | D:2      | Reached skill level 1 in Unarmed Combat
  2144 | D:2      | Reached skill level 1 in Evocations
  2342 | D:2      | Reached XP level 4. HP: 22/32 MP: 8/8
  2878 | D:2      | Killed Robin
  2929 | D:2      | Slain by Jessica

Illustrated notes

Levels and vault maps discovered:
D:1:      dpeg_arrival_tiny_f, layout_basic,
          shapermc_ecumenical_altar_hornbeckon
D:2:      minmay_wonky_spiral, layout_basic, uniq_robin, uniq_jessica

Skill      XL: |  1  2  3  4 |
---------------+-------------+-----
Fighting       | 1 |  1.1
Short Blades   | 1 |  1.1
Long Blades    | 1 |  1.1
Axes           | 1 |  1.1
Maces & Flails | 1 |  1.1
Polearms       | 1 |  1.1
Slings         | 1 |  1.1
Bows           | 1 |  1.1
Crossbows      | 1 |  1.1
Armour         | 1 |  1.1
Stealth        | 1 |  1.1
Shields        | 1 |  1.1
Unarmed Combat | 1 |  1.1
Evocations     | 1 |  1.1
Spellcasting   | 3 |  3.0
Staves         | |  4.6
Throwing       | |  2.7
Dodging        | |  4.6
Conjurations   | |  0.9
Hexes          | |  0.9
Summonings     | |  0.9
Necromancy     | |  0.9
Translocations | |  0.9
Transmutations | |  0.9
Fire Magic     | |  0.9
Ice Magic      | |  0.9
Air Magic      | |  0.9
Earth Magic    | |  0.9
Poison Magic   | |  5.4
Invocations    | |  2.8

Action                   |  1- 3 |  4- 6 || total
-------------------------+-------+-------++-------
Melee: Quarterstaff      |    72 |       ||    72
       Bite              |    15 |     5 ||    20
       War axe           |    53 |    32 ||    85
       Punch             |       |     1 ||     1
Throw: Stone             |     6 |       ||     6
 Cast: Sting             |     1 |       ||     1
 Stab: Sleeping          |     1 |       ||     1
Armor: Robe              |    26 |       ||    26
       Leather armour    |    16 |    10 ||    26
Dodge: Dodged            |    91 |    32 ||   123
